 Dungeon Crawl Stone Soup version 0.32-a0-918-g0f22ef8d61 (webtiles) character file.

Game seed: 3523505045901988326

194 javelincjr the Shooter (level 6, -1/48 HPs)
             Began as a Formicid Hunter on Apr 11, 2024.
             Slain by an orc priest
             ... wielding a +0 hand axe
              (6 damage)
             ... on level 3 of the Dungeon.
             The game lasted 00:06:21 (1709 turns).

javelincjr the Shooter (Formicid Hunter)            Turns: 1709, Time: 00:06:21

Health: -1/48      AC:  6    Str: 16    XL:     6   Next: 3%
Magic:  6/6        EV: 11    Int:  8    God:
Gold:   185        SH:  0    Dex: 19    Spells: 5/5 levels left

rFire   + . .        a - +0 shortbow
rCold   . . .        (no shield)
rNeg    . . .        c - +0 leather armour
rPois   .            (helmet unavailable)
rElec   .            (no cloak)
rCorr   .            (no gloves)
SInv    +            f - +2 pair of boots
Will    .....        (no amulet)
Stlth   ++           h - ring of protection from fire
HPRegen 0.28/turn    (no ring)
MPRegen 0.10/turn

%: no passive effects
@: no status effects
A: permanent stasis, dig shafts and tunnels, antennae 3, four strong arms
a: Dig, Shaft Self, Convert to Beogh


You were on level 3 of the Dungeon.
You visited 1 branch of the dungeon, and saw 3 of its levels.

You collected 185 gold pieces.

Inventory:

Hand Weapons
 a - a +0 shortbow (weapon)
 m - a +2 dagger of draining
Armour
 c - a +0 leather armour (worn)
 f - a +2 pair of boots (worn)
Jewellery
 h - a ring of protection from fire (left hand)
Scrolls
 b - a scroll of butterflies
 d - a scroll of poison {unknown}
 e - 3 scrolls of teleportation {unknown}
 g - a scroll of immolation {unknown}
 k - a scroll of noise {unknown}
Potions
 i - a potion of heal wounds {unknown}
 j - a potion of cancellation {unknown}
 l - a potion of brilliance {unknown}


   Skills:
 * Level 4.0 Fighting
 * Level 5.1 Ranged Weapons
 + Level 2.6 Dodging
 + Level 3.0 Stealth


You had 5 spell levels left.
You didn't know any spells.
Your spell library was empty.

Dungeon Overview and Level Annotations

Branches:
Dungeon (3/15)

Altars:
Nemelex Xobeh
Vehumet


Innate Abilities, Weirdness & Mutations

You cannot be hasted, slowed, berserked, paralysed or teleported.
You can dig through walls and to a lower floor.
You have a pair of large antennae on your head. (SInv)
Your four strong arms can wield two-handed weapons with a shield.


Message History

You shoot an arrow.
The arrow hits the orc priest but does no damage.
The orc priest is almost dead.
The orc priest invokes the aid of Beogh against you.
Beogh smites you! The orc hits you with a +0 club. The orc barely misses you.
The orc priest shouts, "Surrender to Beogh and we'll let you live!" (press Y on the ability menu to convert to Beogh)
The orc priest attacks as it pursues you!
The orc priest shouts, "Beogh offers mercy even to people such as you.
Join us and be reborn!"
The orc priest hits you with a +0 hand axe.
The orc priest mumbles some strange prayers to Beogh against you.
Beogh smites you!
* * * LOW HITPOINT WARNING * * *
The orc priest looks encouraged for a moment.
The orc priest looks satisfied for a moment.
Non-targeted abil: Dig
Press: ? - help, Q - select action, (/) - cycle Dir - look around, f - activate Look: an orc priest, wielding a +0 hand axe and wearing a +0 leather armour (almost dead)
You extend your mandibles.
Fire: a) +0 shortbow
Press: ? - help, Shift-Dir - straight line, f/p - orc priest
Aim: an orc priest, wielding a +0 hand axe and wearing a +0 leather armour (almost dead, 65% to hit)
You shoot an arrow. The arrow hits the orc!
You kill the orc!
Fire: a) +0 shortbow
Press: ? - help, Shift-Dir - straight line, f/p - orc priest
Aim: an orc priest, wielding a +0 hand axe and wearing a +0 leather armour (almost dead, 65% to hit)
You shoot an arrow.
The arrow closely misses the orc priest.
The orc priest hits you with a +0 hand axe!
* * * LOW HITPOINT WARNING * * *
Fire: a) +0 shortbow
Press: ? - help, Shift-Dir - straight line, f/p - orc priest
Aim: an orc priest, wielding a +0 hand axe and wearing a +0 leather armour (almost dead, 65% to hit)
You shoot an arrow.
The arrow hits the orc priest but does no damage.
The orc priest is almost dead.
The orc priest shouts, "Surrender to Beogh and we'll let you live!" x2
The orc priest hits you with a +0 hand axe.
You die...

##### ....##._.# ....#
#....######
............ ..
#.!##..>... ..
#..##....####.#.
#...............
#.........##..#.
#.#####o........#...#.
#....@oo........#...#.
########..............
#.##.........#.
#.##.......#...
#........#.....
##########.#...
#....+... #.##.#...
#.##.#...


You could see an orc priest, an orc wizard (invisible) and an orc.

Vanquished Creatures
  A black bear (D:3)
  3 adders (D:3)
  2 dart slugs (D:1)
  8 orcs (D:3)
  3 endoplasms
  4 giant cockroaches
  7 goblins
  7 hobgoblins
  4 jackals (D:1)
  5 kobolds
  3 quokkas
  5 ball pythons
  6 bats
  3 frilled lizards
  3 rats (D:1)
64 creatures vanquished.

Notes
Turn   | Place    | Note
-------+----------+-------------------------------------------
     0 | D:1      | javelincjr the Formicid Hunter began the quest for the Orb.
     0 | D:1      | Reached XP level 1. HP: 16/16 MP: 1/1
    50 | D:1      | Reached XP level 2. HP: 23/23 MP: 2/2
   206 | D:1      | Found a faded altar of an unknown god.
   225 | D:1      | Reached XP level 3. HP: 28/28 MP: 3/3
  1122 | D:2      | Reached XP level 4. HP: 35/35 MP: 4/4
  1375 | D:3      | Noticed a black bear
  1383 | D:3      | Killed a black bear
  1384 | D:3      | Reached skill level 5 in Ranged Weapons
  1384 | D:3      | Reached XP level 5. HP: 40/42 MP: 5/5
  1490 | D:3      | Found a sparkling altar of Nemelex Xobeh.
  1491 | D:3      | Found a radiant altar of Vehumet.
  1579 | D:3      | Reached XP level 6. HP: 48/48 MP: 6/6
  1709 | D:3      | Slain by an orc priest

Illustrated notes

Levels and vault maps discovered:
D:1:      roderic_dead_forest, layout_loops_ring, ebering_ecumenical_altar_ruins
D:2:      layout_loops_ring
D:3:      layout_basic, lightli_temple_of_fire, gammafunk_temple_overflow_pools,
          minmay_surrounded

Skill      XL: |  1  2  3  4  5  6 |
---------------+-------------------+-----
Dodging        | 2 |  2.6
Stealth        | 2 3 |  3.0
Fighting       | 3 4 |  4.0
Ranged Weapons | 5 |  5.1

Action                     |  1- 3 |  4- 6 || total
---------------------------+-------+-------++-------
   Fire: Shortbow          |   107 |   100 ||   207
Ability: Dig               |       |     3 ||     3
 Armour: Leather armour    |    29 |    26 ||    55
  Dodge: Dodged            |    46 |    36 ||    82

Table legend: (Time is in decaauts)
 A = Elapsed time spent in this place.
 B = Non-inter-level travel time spent in this place.
 C = Inter-level travel time spent in this place.
 D = Time resting spent in this place.
 E = Time spent auto-exploring this place.
 F = Levels seen in this place.
 G = Mean time per level.
                   A        B        C        D        E       F      G
               +--------+--------+--------+--------+--------+-----+--------+
         Total |   1751 |   1698 |     53 |      0 |   1284 |   3 |  583.7 |
       Dungeon |   1751 |   1698 |     53 |      0 |   1284 |   3 |  583.7 |
               +--------+--------+--------+--------+--------+-----+--------+

Top non-repeatable levels by time:
     D:1: 724 daAuts
     D:2: 513 daAuts
     D:3: 513 daAuts
